 Dungeon Sprint DCSS version 0.24.0-123-gd5b16e6ec5 (webtiles) character file.

Game seed: 1769133566075798270, levelgen mode: deterministic

934 Bombadil the Arsonist (level 8, -3/44 HPs)
             Began as a Tengu Fire Elementalist on Jan 20, 2020.
             Was a High Priest of Vehumet.
             Slain by a demonic crawler (8 damage)
             ... in the Dungeon (Sprint VII: "The Pits").
             The game lasted 00:04:18 (1680 turns).

Bombadil the Arsonist (Tengu Fire Elementalist)     Turns: 1680, Time: 00:04:18

Health: -3/44      AC:  8    Str:  8    XL:     8   Next: 11%
Magic:  18/21      EV: 12    Int: 19    God:    Vehumet [*****.]
Gold:   0          SH:  0    Dex: 14    Spells: 2/23 levels left

rFire    + . .     SeeInvis .   m - staff of energy
rCold    . . .     Gourm    .   (no shield)
rNeg     . . .     Faith    .   n - +2 scale mail {rF+}
rPois    .         Spirit   .   (helmet restricted)
rElec    .         Reflect  .   (no cloak)
rCorr    .         Harm     .   (no gloves)
MR       .....     NoTele   +   (boots unavailable)
Stlth    +.........             (no amulet)
HPRegen  0.14/turn              (no ring)
MPRegen  0.17/turn              (no ring)

@: flying quickly and evasively, quick
A: beak, talons 3, able to fly
a: Stop Flying, Renounce Religion


You were in the Dungeon.
You worshipped Vehumet.
Vehumet was extremely pleased with you.
You were not hungry.

You visited 1 branch

Inventory:

Hand Weapons
 p - a +2 long sword of flaming
Armour
 a - a +0 robe
 n - a +2 scale mail of fire resistance (worn)
 o - a +3 ring mail
Magical Staves
 m - an uncursed staff of energy (weapon)
Scrolls
 i - a scroll of blinking
 j - 3 scrolls of remove curse
 k - 4 scrolls of amnesia
 l - a scroll of summoning
Potions
 b - 2 potions of invisibility
 d - 6 potions of curing
 e - 6 potions of heal wounds
 f - a potion of haste
 g - 4 potions of magic
 h - 3 potions of berserk rage
Comestibles
 c - 8 rations
 q - 2 chunks of flesh


   Skills:
 + Level 2.1 Fighting
 + Level 3.6 Long Blades
 + Level 1.5 Armour
 + Level 6.5 Dodging
 + Level 3.6 Stealth
 + Level 8.1 Spellcasting
 + Level 9.6 Conjurations
 + Level 11.8 Fire Magic


You had 2 spell levels left.
You knew the following spells:

 Your Spells              Type           Power        Failure   Level  Hunger
a - Flame Tongue          Conj/Fire      #####        1%          1    None
b - Spellforged Servitor  Conj/Summ      ####......   100%        7    None
c - Sticky Flame          Conj/Fire      #####...     3%          4    None
d - Fireball              Conj/Fire      #####.....   9%          5    None
e - Iskenderun's Mystic   Conj           #####...     4%          4    None

Your spell library contained the following spells:

 Spells                   Type           Power        Failure   Level  Hunger
 Throw Flame              Conj/Fire      #####.       1%          2    None
 Conjure Flame            Conj/Fire      #####...     1%          3    None
 Inner Flame              Hex/Fire       ####....     6%          3    None


Dungeon Overview and Level Annotations

Branches:
Dungeon (1/1)

Altars:
Ashenzari
Cheibriados
Dithmenos
Elyvilon
Fedhas
Gozag
Hepliaklqana
Kikubaaqudgha
Makhleb
Nemelex Xobeh
Okawaru
Qazlal
Ru
Sif Muna
Trog
Uskayaw
Vehumet
Wu Jian
Xom
Yredelemnul
Zin
The Shining One
Beogh
Jiyva
Lugonu


Innate Abilities, Weirdness & Mutations

You have a beak for a mouth.
You have claws for feet.
You can fly continuously.


Message History

a +3 flail; a +0 robe The demonic crawler burns!
The demonic crawler burns!
The demonic crawler burns!
The demonic crawler hits you! The demonic crawler hits you. x2
* * * LOW HITPOINT WARNING * * *
Things that are here:
a +0 dagger of venom; a +0 robe The demonic crawler burns!
You see here a troll skeleton.
The demonic crawler burns!
The demonic crawler burns!
There is an open door here.
The demonic crawler burns!
The demonic crawler burns!
The demonic crawler stops burning.
The demonic crawler hits you.
* * * LOW HITPOINT WARNING * * *
The demonic crawler hits you but does no damage.
The demonic crawler hits you!
You die...

#.)..)......'.....
#'#####'#####.....
#)#..#..#..##.....
#.#..)..+..#####'#
#)##'####'###.....
#(#........##.....
#(#........##.....
#.#####'#####...<.
#@#...)))[.##.....
#s#...).)..##.....
#'###########.....
#..รท)...#..
###### #.###J..#.#
####
#.#.....#.#....#
#.#...#.#'#....#
#.....#)#)J44..+
#.).###.#'#....#


You could see a demonic crawler.

Vanquished Creatures
  A troll (D)
  2 wargs (D)
  A centaur (D)
  A big kobold (D)
  3 wights (D)
  An orc priest (D)
  Terence (D)
  2 orc wizards (D)
  A worker ant (D)
  A gnoll (D)
  2 adders (D)
  An ufetubus (D)
  An adder skeleton (D)
  3 leopard geckos (D)
  An orc (D)
  A giant cockroach (D)
  A ball python (D)
  A kobold (D)
25 creatures vanquished.

Notes
Turn   | Place    | Note
-------+----------+-------------------------------------------
     0 | D        | Bombadil the Tengu Fire Elementalist began the quest for
                  | the Orb.
     0 | D        | Reached XP level 1. HP: 10/10 MP: 4/4
    16 | D        | Found a bloodstained altar of Trog.
    16 | D        | Found a shimmering blue altar of Sif Muna.
    16 | D        | Found a viscous altar of Jiyva.
    16 | D        | Found a hazy altar of Hepliaklqana.
    16 | D        | Found an opulent altar of Gozag.
    17 | D        | Found a glowing golden altar of the Shining One.
    17 | D        | Found a glowing silver altar of Zin.
    17 | D        | Found a basalt altar of Yredelemnul.
    17 | D        | Found a shimmering altar of Xom.
    17 | D        | Found an ornate altar of the Wu Jian Council.
    17 | D        | Found a sacrificial altar of Ru.
    17 | D        | Found a stormy altar of Qazlal.
    17 | D        | Found an iron altar of Okawaru.
    17 | D        | Found a sparkling altar of Nemelex Xobeh.
    17 | D        | Found a burning altar of Makhleb.
    17 | D        | Found a blossoming altar of Fedhas.
    17 | D        | Found a white marble altar of Elyvilon.
    17 | D        | Found a shadowy altar of Dithmenos.
    17 | D        | Found a snail-covered altar of Cheibriados.
    18 | D        | Found a radiant altar of Vehumet.
    18 | D        | Found a corrupted altar of Lugonu.
    18 | D        | Found a roughly hewn altar of Beogh.
    19 | D        | Found a hide-covered altar of Uskayaw.
    19 | D        | Found an ancient bone altar of Kikubaaqudgha.
    19 | D        | Found a shattered altar of Ashenzari.
    28 | D        | Became a worshipper of Vehumet
    66 | D        | Reached skill level 4 in Fire Magic
    94 | D        | Reached * piety under Vehumet
    94 | D        | Offered knowledge of Sting by Vehumet.
    94 | D        | Reached XP level 2. HP: 14/15 MP: 0/6
   175 | D        | Reached skill level 5 in Fire Magic
   176 | D        | Reached XP level 3. HP: 14/19 MP: 3/8
   254 | D        | Offered knowledge of Shock by Vehumet.
   254 | D        | Reached ** piety under Vehumet
   255 | D        | Reached skill level 6 in Fire Magic
   492 | D        | Learned a level 3 spell: Conjure Flame
   517 | D        | Noticed Terence
   517 | D        | Noticed a warg
   522 | D        | Noticed a centaur
   538 | D        | Killed Terence
   538 | D        | Offered knowledge of Throw Frost by Vehumet.
   538 | D        | Reached *** piety under Vehumet
   538 | D        | Reached skill level 7 in Fire Magic
   538 | D        | Reached XP level 4. HP: 17/24 MP: 1/11
   638 | D        | Learned a level 4 spell: Sticky Flame
   693 | D        | Killed a centaur
   693 | D        | Reached skill level 5 in Spellcasting
   693 | D        | Reached skill level 8 in Fire Magic
   693 | D        | Gained mutation: You can fly continuously. [Tengu growth]
   693 | D        | Reached XP level 5. HP: 10/28 MP: 5/13
   702 | D        | Learned a level 5 spell: Fireball
   903 | D        | Noticed a big kobold
   911 | D        | Killed a warg
   911 | D        | Offered knowledge of Static Discharge by Vehumet.
   911 | D        | Reached skill level 1 in Long Blades
   911 | D        | Reached skill level 5 in Dodging
   911 | D        | Reached skill level 5 in Conjurations
   911 | D        | Reached skill level 10 in Fire Magic
   911 | D        | Reached XP level 6. HP: 25/33 MP: 12/16
   921 | D        | Reached skill level 1 in Fighting
  1016 | D        | Reached **** piety under Vehumet
  1068 | D        | Reached XP level 7. HP: 12/38 MP: 7/18
  1321 | D        | Noticed a warg
  1326 | D        | Killed a warg
  1326 | D        | Offered knowledge of Iskenderun's Mystic Blast by Vehumet.
  1326 | D        | Reached skill level 11 in Fire Magic
  1332 | D        | Learned a level 4 spell: Iskenderun's Mystic Blast
  1463 | D        | Noticed a troll
  1474 | D        | Killed a troll
  1474 | D        | Reached ***** piety under Vehumet
  1474 | D        | Offered knowledge of Spellforged Servitor by Vehumet.
  1474 | D        | Reached skill level 1 in Armour
  1493 | D        | Learned a level 7 spell: Spellforged Servitor
  1577 | D        | Reached XP level 8. HP: 44/44 MP: 16/20
  1666 | D        | Noticed an ice devil
  1666 | D        | Noticed a demonic crawler
  1680 | D        | Slain by a demonic crawler

Levels and vault maps discovered:
D:        pitsprint [storerooms_1, entrance_room_1, metal_vault_1, armoury_2,
          mini_pit_1, grid_room_1, main_hall_1, silver_pit, the_coven_1,
          the_vestibule_1, steel_vault_2, golden_pit, hallway_of_sentries,
          crystal_vault_4, iron_vault_1, final_vault]

Skill      XL: |  1  2  3  4  5  6  7  8 |
---------------+-------------------------+-----
Fire Magic     | 4 5 7 8 10 11 | 11.8
Dodging        | 3 4 5 6 |  6.5
Spellcasting   | 3 4 5 6 7 8 |  8.1
Conjurations   | 3 4 5 7 9 |  9.6
Stealth        | 3 |  3.6
Long Blades    | 1 2 3 |  3.6
Fighting       | 1 2 |  2.1
Armour         | 1 |  1.5

Action                   |  1- 3 |  4- 6 |  7- 9 || total
-------------------------+-------+-------+-------++-------
Melee: Staff             |     3 |       |       ||     3
       Long sword        |       |     1 |       ||     1
       Kick              |       |     1 |       ||     1
       Peck              |       |     1 |       ||     1
 Cast: Flame Tongue      |    28 |    15 |     4 ||    47
       Conjure Flame     |     1 |       |     1 ||     2
       Sticky Flame      |       |     7 |     6 ||    13
 Abil: Fly               |       |     1 |       ||     1
  Use: Scroll            |       |       |     1 ||     1
  Eat: Ration            |       |       |     1 ||     1
Armor: Robe              |     1 |       |       ||     1
       Scale mail        |       |       |     7 ||     7
Dodge: Dodged            |    18 |    21 |     2 ||    41
       Rpst.: Long sword |       |     5 |       ||     5
